AoeStats
← lamanito6

Nomad

510053093Analyzed
4v4 RM · 3d ago on Sep 29, 2026· 45m 37s· 8 players
Game mode
Random Map
Map size
231×231
Population
200
Speed
Normal
Resources
Standard
Victory
Conquest
Starting age
Dark Age
Ending age
Imperial Age
RankedLock teamsTeams togetherTeam positionsShared explorationLock speedFull tech treeHidden civsTurbo modeCheats
Victory
Defeat
🇨🇳 Danes · China
1240
+13
🇨🇳 Tatars · China
1213
+14
🇦🇷 Lithuanians · Argentina
1182
+16
🇨🇳 Cumans · China
1115
+17
🇨🇳 Italians · China
1222
-17
🇪🇸 Varangians · Spain
1176
-15
🇹🇼 Danes · Taiwan
1151
-14
🇲🇽 Persians · Mexico
1146
-14
Mr.Rol3ot
5:58 Loom
13:36 Feudal Age
19:19 Castle Age
17:39 Double-Bit Axe
17:53 Fishing Lines
18:20 Horse Collar
20:42 Bow Saw
20:34 Heavy Plow
22:23 Gillnets
27:51 Gold Mining
30:13 Wheelbarrow
29:46 Pikeman
34:10 Hand Cart
37:35 Imperial Age
35:44 Bloodlines
35:35 Husbandry
36:58 Scale Barding Armor
37:04 Forging
38:08 Chain Barding Armor
37:38 Heavy Camel Rider
40:21 Two-Man Saw
40:31 Plate Barding Armor
40:32 Iron Casting
39:34 Cavalier
41:18 Crop Rotation
41:13 Conscription
42:34 Chemistry
42:11 Elite War Elephant
44:51 Gold Shaft Mining
lamanito6
5:25 Loom
13:46 Feudal Age
14:31 Double-Bit Axe
16:26 Fishing Lines
23:14 Castle Age
22:10 Bloodlines
22:15 Forging
XUN
10:39 Loom
13:15 Feudal Age
17:37 Castle Age
19:07 Horse Collar
21:31 Double-Bit Axe
22:36 Wheelbarrow
23:04 Bow Saw
27:36 Heavy Plow
28:11 Hand Cart
28:16 Stone Mining
32:59 Imperial Age
30:24 Gold Mining
30:44 Scale Mail Armor
30:55 Forging
30:35 Hamask
31:40 Chain Mail Armor
32:21 Squires
32:06 Arson
32:40 Town Watch
33:46 Iron Casting
34:01 Gold Shaft Mining
34:01 Stone Shaft Mining
32:59 Elite Jomsviking
34:17 Plate Mail Armor
34:36 Conscription
redwolfliu
4:36 Loom
13:21 Feudal Age
14:21 Double-Bit Axe
18:06 Castle Age
16:50 Horse Collar
17:05 Gold Mining
19:11 Wheelbarrow
19:17 Bow Saw
20:31 Heavy Plow
20:23 Stone Mining
22:23 Fletching
22:45 Crossbowman
24:10 Padded Archer Armor
24:29 Bodkin Arrow
24:35 Pikeman
26:32 Leather Archer Armor
27:31 Hand Cart
31:15 Stone Shaft Mining
33:13 Imperial Age
32:50 Ballistics
33:25 Silk Road
33:28 Thumb Ring
34:19 Conscription
34:01 Bracer
33:25 Arbalester
35:10 Chemistry
35:11 Squires
35:46 Ring Archer Armor
36:25 Two-Man Saw
37:00 Scale Mail Armor
36:47 Arson
36:53 Town Watch
37:40 Crop Rotation
37:53 Scale Barding Armor
37:10 Light Cavalry
39:57 Chain Mail Armor
39:50 Husbandry
40:01 Bloodlines
42:12 Hussar
44:31 Elite Genoese Crossbowman
青柑普洱
5:03 Loom
13:20 Feudal Age
18:02 Castle Age
16:27 Double-Bit Axe
18:53 Horse Collar
20:01 Bow Saw
21:27 Heavy Plow
30:01 Imperial Age
28:18 Wheelbarrow
28:22 Fletching
28:50 Padded Archer Armor
29:19 Herbal Medicine
30:39 Hand Cart
30:10 Town Watch
30:21 Bodkin Arrow
30:33 Husbandry
31:01 Leather Archer Armor
31:25 Bloodlines
32:04 Gold Mining
33:44 Chemistry
33:11 Conscription
33:31 Bracer
34:39 Ring Archer Armor
34:43 Ballistics
34:53 Treadmill Crane
35:01 Heavy Cavalry Archer
35:57 Silk Armor
37:33 Timurid Siegecraft
38:43 Masonry
42:08 Siege Engineers
42:10 Town Patrol
43:56 Fortified Wall
45:47 Stone Mining
46:35 Gold Shaft Mining
球球拳
5:20 Loom
14:24 Feudal Age
18:23 Castle Age
16:12 Double-Bit Axe
16:36 Gold Mining
16:40 Fletching
19:55 Bow Saw
20:49 Town Watch
22:14 Horse Collar
24:31 Wheelbarrow
24:44 Stone Mining
25:29 Bodkin Arrow
25:40 Heavy Plow
28:21 Fishing Lines
30:51 Hand Cart
34:36 Imperial Age
32:47 Scale Mail Armor
32:57 Forging
33:11 Squires
32:57 Arson
34:41 Chain Mail Armor
35:01 Iron Casting
35:47 Conscription
36:01 Plate Mail Armor
35:42 Onager
35:43 Capped Ram
35:56 Northmen's Fury
36:09 Hamask
36:46 Elite Jomsviking
38:10 Siege Engineers
40:00 Blast Furnace
38:56 Siege Ram
40:25 Siege Onager
42:53 Masonry
44:27 Pikeman
44:59 Halberdier
月夜雪
7:35 Loom
16:43 Feudal Age
17:48 Horse Collar
17:55 Double-Bit Axe
18:53 Bloodlines
20:52 Scale Barding Armor
22:12 Forging
29:26 Castle Age
30:39 Wheelbarrow
31:51 Chain Barding Armor
32:07 Iron Casting
33:01 Stone Mining
33:03 Gold Mining
35:45 Heavy Plow
38:25 Hand Cart
42:56 Imperial Age
40:34 Steppe Husbandry
43:40 Bow Saw
44:18 Gold Shaft Mining
45:59 Conscription
1
11:18 Loom
13:20 Feudal Age
16:02 Double-Bit Axe
19:20 Castle Age
17:13 Stone Mining
17:13 Gold Mining
18:57 Fishing Lines
20:31 Forging
20:30 Scale Barding Armor
21:42 Wheelbarrow
21:20 Bow Saw
21:46 Medium Warships
22:35 Scale Barding Armor
23:20 Bloodlines
27:35 Pikeman
30:43 Gillnets
33:37 Stone Shaft Mining
33:40 Chain Barding Armor
34:36 Hill Forts
35:29 Scale Mail Armor
35:31 Squires
39:58 Imperial Age
40:04 Imperial Age
40:53 Iron Casting
41:31 Conscription
40:34 Elite Leitis
41:52 Plate Barding Armor
Connection lost

Rejoining the realm…

Still unreachable

The connection could not be restored.

Session expired

The server has moved on; the page needs a fresh start.